[Event "55th Rubinstein Memorial-C 2019"]
[Site "Polanica-Zdroj"]
[Date "2019.08.20"]
[Round "4.1"]
[White "Burdzicki, Stanislaw"]
[Black "Majek, Kacper"]
[Result "1/2-1/2"]
[ECO "C54"]
[WhiteElo "1785"]
[BlackElo "1984"]
[Annotator "NA"]
[PlyCount "77"]
[EventDate "2019.08.17"]
[EventType "swiss"]
[EventCountry "POL"]
[SourceTitle "playchess.com"]
[Source "ChessBase"]
[SourceQuality "1"]
[TimeControl "40/5400+30:1800+30"]

1. e4 e5 2. Nf3 Nc6 3. Bc4 Bc5 4. c3 Nf6 5. d4 exd4 6. e5 d5 7. Bb5 Ne4 8. cxd4 Bb6 9. Nc3 O-O 10. Be3 Nxc3 11. bxc3 Ne7 12. Qc2 Bf5 13. Bd3 Qd7 14. O-O Bxd3 15. Qxd3 Qf5 16. Qe2 Qg4 17. h3 Qh5 18. Kh2 f6 19. exf6 Rxf6 20. g4 Qf7 21. Ne5 Qe6 22. Bg5 h6 23. Bxf6 gxf6 24. f4 c5 25. Qe3 cxd4 26. cxd4 fxe5 27. fxe5 Nc6 28. Rad1 Rf8 29. Rxf8+ Kxf8 30. Rf1+ Kg8 31. Rf4 Nxd4 32. Rxd4 Qc6 33. e6 Bxd4 34. Qxd4 Qxe6 35. Qxa7 Qe5+ 36. Kg2 Qe4+ 37. Kf2 Qf4+ 38. Kg2 Qe4+ 39. Kf2 1/2-1/2

[Event "55th Rubinstein Memorial-C 2019"]
[Site "Polanica-Zdroj"]
[Date "2019.08.20"]
[Round "4.2"]
[White "Szydelko, Michal"]
[Black "Kardys, Zbigniew"]
[Result "1/2-1/2"]
[ECO "B85"]
[WhiteElo "1752"]
[BlackElo "1949"]
[Annotator "NA"]
[PlyCount "97"]
[EventDate "2019.08.17"]
[EventType "swiss"]
[EventCountry "POL"]
[SourceTitle "playchess.com"]
[Source "ChessBase"]
[SourceQuality "1"]
[TimeControl "40/5400+30:1800+30"]

1. e4 c5 2. Nf3 e6 3. d4 cxd4 4. Nxd4 Nf6 5. Nc3 d6 6. Be2 Nc6 7. Be3 Be7 8. O-O O-O 9. f4 a6 10. Qe1 Qc7 11. Rd1 Bd7 12. Qg3 Kh8 13. Nb3 b5 14. Bf3 e5 15. Nd5 Nxd5 16. exd5 exf4 17. Bxf4 Na5 18. Rfe1 Nxb3 19. cxb3 Qb6+ 20. Kh1 Rfe8 21. Be3 Qd8 22. Qf4 Kg8 23. Bh5 g6 24. Rf1 Rf8 25. Bf3 Bf5 26. g4 Bd7 27. Bd4 f5 28. g5 Be8 29. h4 Rf7 30. Rfe1 Bf8 31. Re6 Rc8 32. h5 Rd7 33. Qh4 Bg7 34. Rde1 Bf7 35. Bxg7 Kxg7 36. Qd4+ Kg8 37. Rf6 Re7 38. Rg1 Re5 39. Qa7 Qc7 40. Qxc7 Rxc7 41. Rxd6 gxh5 42. Rd8+ Kg7 43. d6 Rc2 44. Rd1 Re3 45. d7 Rxf3 46. Rg8+ Bxg8 47. d8=Q Rh3+ 48. Kg1 Rg3+ 49. Kf1 1/2-1/2

[Event "55th Rubinstein Memorial-C 2019"]
[Site "Polanica-Zdroj"]
[Date "2019.08.20"]
[Round "4.3"]
[White "Zgoda, Damian"]
[Black "Sroka, Janusz"]
[Result "0-1"]
[ECO "A40"]
[WhiteElo "1725"]
[BlackElo "1875"]
[Annotator "NA"]
[PlyCount "94"]
[EventDate "2019.08.17"]
[EventType "swiss"]
[EventCountry "POL"]
[SourceTitle "playchess.com"]
[Source "ChessBase"]
[SourceQuality "1"]
[TimeControl "40/5400+30:1800+30"]

1. d4 g6 2. Bg5 Bg7 3. e4 c5 4. Nf3 d6 5. c3 cxd4 6. cxd4 Nc6 7. Nc3 h6 8. Be3 Nf6 9. d5 Nb8 10. Qd2 Nbd7 11. Nd4 Ng4 12. Bf4 Qb6 13. Nb3 g5 14. Bg3 a6 15. Be2 Nge5 16. f4 Ng6 17. Na4 Qd8 18. Nd4 gxf4 19. Bh5 Nde5 20. Nf5 Bf6 21. Bf2 Nc4 22. Qc2 Qa5+ 23. Nc3 Nxb2 24. Rc1 Bxc3+ 25. Qxc3 Nd3+ 26. Ke2 Nxc1+ 27. Rxc1 Qxc3 28. Rxc3 Bxf5 29. exf5 Ne5 30. Rc7 O-O 31. Bd4 Rac8 32. Rxe7 Rfe8 33. Rxb7 Rb8 34. Rc7 Rec8 35. Ra7 Rc2+ 36. Kd1 Rxa2 37. Rc7 Rb1+ 38. Rc1 Rxc1+ 39. Kxc1 Nd3+ 40. Kd1 Rxg2 41. Be2 Nb4 42. Bc4 Rxh2 43. Bc3 a5 44. Bf6 Nc2 45. Bb5 Ne3+ 46. Ke1 f3 47. Bd4 Nc2+ 0-1

[Event "55th Rubinstein Memorial-C 2019"]
[Site "Polanica-Zdroj"]
[Date "2019.08.20"]
[Round "4.4"]
[White "Obrochta, Lena"]
[Black "Musial, Igor"]
[Result "1-0"]
[ECO "B59"]
[WhiteElo "1870"]
[BlackElo "1717"]
[Annotator "NA"]
[PlyCount "33"]
[EventDate "2019.08.17"]
[EventType "swiss"]
[EventCountry "POL"]
[SourceTitle "playchess.com"]
[Source "ChessBase"]
[SourceQuality "1"]
[TimeControl "40/5400+30:1800+30"]

1. e4 c5 2. Nf3 d6 3. d4 cxd4 4. Nxd4 Nf6 5. Nc3 Nc6 6. Be2 e5 7. Nb3 h6 8. Be3 Be6 9. O-O Be7 10. f4 exf4 11. Bxf4 O-O 12. Qe1 Ne5 13. Qg3 Ng6 14. Be3 a6 15. Nd4 b5 16. Nxe6 fxe6 17. Qxg6 1-0

[Event "55th Rubinstein Memorial-C 2019"]
[Site "Polanica-Zdroj"]
[Date "2019.08.20"]
[Round "4.5"]
[White "Kaliszuk, Kamil"]
[Black "Maslo, Slawomir"]
[Result "1-0"]
[ECO "B13"]
[WhiteElo "1853"]
[BlackElo "1687"]
[Annotator "NA"]
[PlyCount "47"]
[EventDate "2019.08.17"]
[EventType "swiss"]
[EventCountry "POL"]
[SourceTitle "playchess.com"]
[Source "ChessBase"]
[SourceQuality "1"]
[TimeControl "40/5400+30:1800+30"]

1. e4 c6 2. d4 d5 3. exd5 cxd5 4. Bd3 Nc6 5. c3 Qc7 6. Ne2 Bg4 7. O-O Nf6 8. f3 Bd7 9. Bf4 e5 10. Bxe5 Nxe5 11. dxe5 Qxe5 12. Re1 O-O-O 13. Nd4 Qh5 14. Nd2 Bd6 15. Nf1 g5 16. Ng3 Qh4 17. Ndf5 Bxf5 18. Bxf5+ Kb8 19. Qd4 g4 20. Bxg4 Rhg8 21. Bh3 Bxg3 22. hxg3 Qxg3 23. Qxf6 Qxh3 24. Qxd8+ 1-0

[Event "55th Rubinstein Memorial-C 2019"]
[Site "Polanica-Zdroj"]
[Date "2019.08.20"]
[Round "4.6"]
[White "Karnasiewicz, Robert"]
[Black "Rog, Bartlomiej"]
[Result "1/2-1/2"]
[ECO "E81"]
[WhiteElo "1803"]
[BlackElo "1540"]
[Annotator "NA"]
[PlyCount "77"]
[EventDate "2019.08.17"]
[EventType "swiss"]
[EventCountry "POL"]
[SourceTitle "playchess.com"]
[Source "ChessBase"]
[SourceQuality "1"]
[TimeControl "40/5400+30:1800+30"]

1. d4 Nf6 2. c4 g6 3. Nc3 Bg7 4. e4 d6 5. f3 O-O 6. Be3 Nbd7 7. Qd2 e5 8. d5 Ne8 9. Bg5 f6 10. Bh4 c6 11. Nge2 a5 12. Nc1 Qc7 13. Nd3 f5 14. Be2 fxe4 15. fxe4 Nb6 16. Nf2 Nf6 17. O-O cxd5 18. Nxd5 Nbxd5 19. cxd5 Qb6 20. Kh1 Bd7 21. Bxf6 Rxf6 22. Ng4 Bxg4 23. Bxg4 Raf8 24. Rxf6 Rxf6 25. Bf3 Rf7 26. Rc1 Rc7 27. Rxc7 Qxc7 28. h3 Qc5 29. Qg5 Bf8 30. h4 Qc7 31. h5 Qg7 32. hxg6 Qxg6 33. Qxg6+ hxg6 34. Kg1 Kf7 35. b3 Bh6 36. Kf2 Ke7 37. Bg4 Bc1 38. a4 Kd8 39. Be6 1/2-1/2

[Event "55th Rubinstein Memorial-C 2019"]
[Site "Polanica-Zdroj"]
[Date "2019.08.20"]
[Round "4.7"]
[White "Bugaj, Hanna"]
[Black "Talik, Patryk"]
[Result "1/2-1/2"]
[ECO "D02"]
[WhiteElo "1622"]
[BlackElo "1975"]
[Annotator "NA"]
[PlyCount "68"]
[EventDate "2019.08.17"]
[EventType "swiss"]
[EventCountry "POL"]
[SourceTitle "playchess.com"]
[Source "ChessBase"]
[SourceQuality "1"]
[TimeControl "40/5400+30:1800+30"]

1. d4 d5 2. Nf3 Bg4 3. e3 Nd7 4. Be2 e6 5. Nbd2 Bd6 6. b3 Qe7 7. Bb2 c6 8. O-O h5 9. c4 Bf5 10. Ne5 f6 11. Nxd7 Qxd7 12. f4 O-O-O 13. c5 Bb8 14. b4 g5 15. fxg5 fxg5 16. Nf3 Nh6 17. a4 Bg4 18. Ne5 Bxe5 19. dxe5 Nf5 20. Bd4 Qh7 21. b5 Nxd4 22. exd4 Qe4 23. Bf3 Bxf3 24. Rxf3 Rdf8 25. bxc6 Rxf3 26. cxb7+ Kxb7 27. gxf3 Qe3+ 28. Kg2 Kc7 29. Rb1 Rb8 30. Rxb8 Kxb8 31. Qb1+ Kc8 32. Qb2 Qd3 33. c6 Qh7 34. Qe2 Kc7 1/2-1/2

[Event "55th Rubinstein Memorial-C 2019"]
[Site "Polanica-Zdroj"]
[Date "2019.08.20"]
[Round "4.8"]
[White "Wrona, Florian"]
[Black "Szczesniak, Andrzej"]
[Result "1/2-1/2"]
[ECO "C01"]
[WhiteElo "1606"]
[BlackElo "1954"]
[Annotator "NA"]
[PlyCount "71"]
[EventDate "2019.08.17"]
[EventType "swiss"]
[EventCountry "POL"]
[SourceTitle "playchess.com"]
[Source "ChessBase"]
[SourceQuality "1"]
[TimeControl "40/5400+30:1800+30"]

1. e4 e6 2. d4 d5 3. exd5 exd5 4. Nf3 Nc6 5. Bd3 Bg4 6. Be3 Bd6 7. Nbd2 Nge7 8. O-O Qd7 9. Re1 h6 10. h3 Bh5 11. Be2 O-O-O 12. c3 f5 13. Nf1 g5 14. Ne5 Bxe2 15. Qxe2 Bxe5 16. dxe5 Ng6 17. Bd4 Qe6 18. Ng3 Nf4 19. Qc2 Rdf8 20. Rac1 h5 21. Qd2 h4 22. Ne2 Nxe2+ 23. Qxe2 g4 24. f4 gxh3 25. gxh3 Rfg8+ 26. Kh2 Nxd4 27. cxd4 Rg3 28. Rg1 Qg6 29. Qc2 c6 30. Rg2 Rxg2+ 31. Qxg2 Qxg2+ 32. Kxg2 Rg8+ 33. Kf2 Rg3 34. Rc3 Rg6 35. Rc1 Rg3 36. Rc3 1/2-1/2

[Event "55th Rubinstein Memorial-C 2019"]
[Site "Polanica-Zdroj"]
[Date "2019.08.20"]
[Round "4.9"]
[White "Filipska, Maja"]
[Black "Janzer, Hubert"]
[Result "0-1"]
[ECO "B94"]
[WhiteElo "1605"]
[BlackElo "1803"]
[Annotator "NA"]
[PlyCount "49"]
[EventDate "2019.08.17"]
[EventType "swiss"]
[EventCountry "POL"]
[SourceTitle "playchess.com"]
[Source "ChessBase"]
[SourceQuality "1"]
[TimeControl "40/5400+30:1800+30"]

1. e4 c5 2. Nf3 d6 3. d4 cxd4 4. Nxd4 Nf6 5. Nc3 a6 6. Bg5 e5 7. Nf5 Bxf5 8. exf5 Be7 9. Bc4 Nbd7 10. O-O b5 11. Bb3 O-O 12. Qf3 b4 13. Nd1 e4 14. Qe2 d5 15. Ne3 d4 16. Nc4 Qc7 17. Rad1 Bc5 18. Ba4 h6 19. Bh4 Qf4 20. Bxf6 Nxf6 21. Rfe1 Rad8 22. Bc6 d3 23. cxd3 exd3 24. Qf3 Qxc4 25. b3 0-1

[Event "55th Rubinstein Memorial-C 2019"]
[Site "Polanica-Zdroj"]
[Date "2019.08.20"]
[Round "4.10"]
[White "Jaworski, Tymon"]
[Black "Kroliczek, Gabriela"]
[Result "0-1"]
[ECO "C07"]
[WhiteElo "1598"]
[BlackElo "1787"]
[Annotator "NA"]
[PlyCount "88"]
[EventDate "2019.08.17"]
[EventType "swiss"]
[EventCountry "POL"]
[SourceTitle "playchess.com"]
[Source "ChessBase"]
[SourceQuality "1"]
[TimeControl "40/5400+30:1800+30"]

1. e4 e6 2. d4 d5 3. Nd2 c5 4. Ngf3 Nc6 5. Bb5 a6 6. Bxc6+ bxc6 7. O-O cxd4 8. Nxd4 Qc7 9. c4 c5 10. N4b3 d4 11. f4 Bd6 12. Qg4 f5 13. exf5 exf5 14. Re1+ Kf8 15. Qe2 Bd7 16. Nf3 Re8 17. Qf2 Nf6 18. Rxe8+ Bxe8 19. Ng5 Kg8 20. Bd2 Ne4 21. Nxe4 fxe4 22. Re1 e3 23. Bxe3 dxe3 24. Qxe3 Bf7 25. Qe4 h5 26. g3 Rh6 27. Qa8+ Bf8 28. Re5 Qd6 29. Rxc5 Qd1+ 30. Kg2 Qe2+ 31. Kg1 Rd6 32. Rd5 Bxd5 33. cxd5 Qd1+ 34. Kg2 Rxd5 35. Qxa6 Qc2+ 36. Kh3 Qf5+ 37. Kg2 Qe4+ 38. Kh3 h4 39. Kxh4 Qf5 40. g4 Be7+ 41. Kg3 Rd3+ 42. Kf2 Qxf4+ 43. Ke2 Qf3+ 44. Ke1 Bh4# 0-1

[Event "55th Rubinstein Memorial-C 2019"]
[Site "Polanica-Zdroj"]
[Date "2019.08.20"]
[Round "4.11"]
[White "Karleszko, Karolina"]
[Black "Gajzner, Ryszard"]
[Result "0-1"]
[ECO "B27"]
[WhiteElo "1596"]
[BlackElo "1740"]
[Annotator "NA"]
[PlyCount "38"]
[EventDate "2019.08.17"]
[EventType "swiss"]
[EventCountry "POL"]
[SourceTitle "playchess.com"]
[Source "ChessBase"]
[SourceQuality "1"]
[TimeControl "40/5400+30:1800+30"]

1. e4 c5 2. Nf3 g6 3. d4 cxd4 4. Nxd4 Nc6 5. Be3 Nf6 6. Nc3 Bg7 7. f3 O-O 8. Qd2 d5 9. O-O-O dxe4 10. Nxc6 Qxd2+ 11. Rxd2 bxc6 12. fxe4 Ng4 13. Bc5 Bh6 14. Bxe7 Re8 15. Bc5 Rd8 16. Bd3 Ne5 17. Kd1 Bxd2 18. Kxd2 Ba6 19. Kc1 Bxd3 0-1

[Event "55th Rubinstein Memorial-C 2019"]
[Site "Polanica-Zdroj"]
[Date "2019.08.20"]
[Round "4.12"]
[White "Kolodziejski, Piotr"]
[Black "Zalega, Maciej"]
[Result "0-1"]
[ECO "B66"]
[WhiteElo "1701"]
[BlackElo "1429"]
[Annotator "NA"]
[PlyCount "84"]
[EventDate "2019.08.17"]
[EventType "swiss"]
[EventCountry "POL"]
[SourceTitle "playchess.com"]
[Source "ChessBase"]
[SourceQuality "1"]
[TimeControl "40/5400+30:1800+30"]

1. e4 c5 2. Nf3 d6 3. d4 cxd4 4. Nxd4 Nf6 5. Nc3 Nc6 6. Bg5 e6 7. Qd2 a6 8. f3 Bd7 9. O-O-O Be7 10. h4 h6 11. Be3 h5 12. Bg5 Nxd4 13. Qxd4 b5 14. e5 dxe5 15. Qxe5 b4 16. Ne4 Nxe4 17. Bxe7 Qxe7 18. Qxg7 Qf6 19. Qxf6 Nxf6 20. Rd6 Ke7 21. Rxa6 Rxa6 22. Bxa6 Rg8 23. g4 hxg4 24. fxg4 Bc6 25. Rh3 Rxg4 26. h5 Ne4 27. b3 Rg1+ 28. Kb2 Nc3 29. Rxc3 bxc3+ 30. Kxc3 Rg2 31. Bd3 Rh2 32. b4 Rxh5 33. Kd4 Rd5+ 34. Ke3 Rd8 35. c4 Ra8 36. b5 Bh1 37. Bb1 Kd6 38. Kd4 e5+ 39. Kc3 Kc5 40. Kb3 e4 41. a4 Bf3 42. a5 Rxa5 0-1

[Event "55th Rubinstein Memorial-C 2019"]
[Site "Polanica-Zdroj"]
[Date "2019.08.20"]
[Round "4.13"]
[White "Kurtycz, Maciej"]
[Black "Bartlomowicz, Jakub"]
[Result "1-0"]
[ECO "C77"]
[WhiteElo "1689"]
[BlackElo "1497"]
[Annotator "NA"]
[PlyCount "107"]
[EventDate "2019.08.17"]
[EventType "swiss"]
[EventCountry "POL"]
[SourceTitle "playchess.com"]
[Source "ChessBase"]
[SourceQuality "1"]
[TimeControl "40/5400+30:1800+30"]

1. e4 e5 2. Nf3 Nc6 3. Bb5 a6 4. Ba4 Nf6 5. d3 b5 6. Bb3 Bd6 7. c3 O-O 8. O-O h6 9. Re1 Re8 10. Nbd2 Bc5 11. Nf1 d6 12. h3 Be6 13. Bxe6 fxe6 14. d4 exd4 15. cxd4 Bb6 16. Ng3 Qd7 17. b3 Qf7 18. Bb2 d5 19. e5 Nd7 20. Rc1 Na5 21. Ba3 Nb7 22. Rc6 a5 23. Bb2 Rec8 24. Qe2 b4 25. Qd2 Nb8 26. Rcc1 c5 27. dxc5 Nxc5 28. Nd4 Nbd7 29. f4 Qg6 30. Kh2 Qd3 31. Rcd1 Qxd2 32. Rxd2 Rf8 33. f5 exf5 34. Ndxf5 a4 35. e6 Nf6 36. e7 Rfe8 37. Bxf6 gxf6 38. Nd6 axb3 39. axb3 Bc7 40. Nxe8 Rxe8 41. Rxd5 Na6 42. Re6 Nb8 43. h4 Kf7 44. Re4 Rxe7 45. Kh3 Rxe4 46. Nxe4 Ke6 47. Rb5 f5 48. Ng3 Nc6 49. Nxf5 Be5 50. Nxh6 Bc3 51. Nf5 Be1 52. g4 Na7 53. Nd4+ Kd6 54. Rb7 1-0

[Event "55th Rubinstein Memorial-C 2019"]
[Site "Polanica-Zdroj"]
[Date "2019.08.20"]
[Round "4.14"]
[White "Grossmann, Ryszard"]
[Black "Rzenca, Jerzy"]
[Result "0-1"]
[ECO "A12"]
[WhiteElo "1975"]
[BlackElo "1419"]
[Annotator "NA"]
[PlyCount "96"]
[EventDate "2019.08.17"]
[EventType "swiss"]
[EventCountry "POL"]
[SourceTitle "playchess.com"]
[Source "ChessBase"]
[SourceQuality "1"]
[TimeControl "40/5400+30:1800+30"]

1. c4 c6 2. Nf3 d5 3. b3 Bf5 4. Bb2 e6 5. g3 Nd7 6. Bg2 Ngf6 7. O-O h6 8. d3 Be7 9. Nbd2 O-O 10. Qc2 Bh7 11. Rad1 Rc8 12. Qb1 Qb6 13. Qa1 Rfd8 14. h3 Bd6 15. Bd4 Bc5 16. Bxc5 Nxc5 17. d4 Nce4 18. e3 Qb4 19. c5 Re8 20. a3 Qa5 21. b4 Qc7 22. Rfe1 Nd7 23. Ne5 Nxd2 24. Rxd2 f6 25. Nxd7 Qxd7 26. Qc3 e5 27. Red1 Rcd8 28. Rb2 exd4 29. Rxd4 Be4 30. Rbd2 Bxg2 31. Kxg2 Qc7 32. Qd3 Rb8 33. e4 Rxe4 34. Rxd5 Re7 35. Rd6 Qc8 36. Qg6 Qf8 37. R2d4 Qf7 38. Qf5 Rbe8 39. Rg4 Re6 40. Rgd4 R6e7 41. Qd3 a6 42. h4 Qa2 43. Rd7 Re2 44. Qf3 Rxf2+ 45. Qxf2 Re2 46. Qxe2 Qxe2+ 47. Kh3 Qf1+ 48. Kg4 h5+ 0-1

[Event "55th Rubinstein Memorial-C 2019"]
[Site "Polanica-Zdroj"]
[Date "2019.08.20"]
[Round "4.15"]
[White "Rakita, Efim"]
[Black "Knap, Narcyz"]
[Result "1-0"]
[ECO "C44"]
[WhiteElo "1960"]
[BlackElo "1584"]
[Annotator "NA"]
[PlyCount "95"]
[EventDate "2019.08.17"]
[EventType "swiss"]
[EventCountry "POL"]
[SourceTitle "playchess.com"]
[Source "ChessBase"]
[SourceQuality "1"]
[TimeControl "40/5400+30:1800+30"]

1. e4 e5 2. Nf3 Nc6 3. d4 exd4 4. Nxd4 Be7 5. Nc3 Nf6 6. Be3 O-O 7. Be2 d6 8. O-O Bd7 9. f4 a6 10. a4 Nxd4 11. Bxd4 c6 12. a5 Qb8 13. e5 dxe5 14. Bxe5 Qc8 15. Na4 Bg4 16. h3 Bxe2 17. Qxe2 Qd8 18. Nc3 Bc5+ 19. Kh2 Qe7 20. Qf3 Rad8 21. Rfe1 Rd2 22. Bxf6 Qxf6 23. Ne4 Qd4 24. c3 Qd5 25. Nxd2 Qxd2 26. Re2 Qd8 27. b4 Bd6 28. g3 Qc7 29. Rd1 Be7 30. Red2 Bf6 31. Rd7 Qb8 32. Qd3 b6 33. Qxa6 bxa5 34. Qxa5 Bxc3 35. Rd8 Bxb4 36. Rxb8 Bxa5 37. Rxf8+ Kxf8 38. Rc1 h6 39. Rxc6 Ke7 40. Kg2 Kd7 41. Ra6 Bc3 42. Kf3 g6 43. f5 g5 44. Rxh6 f6 45. h4 gxh4 46. gxh4 Kd6 47. Kg4 Ke7 48. Rg6 1-0

[Event "55th Rubinstein Memorial-C 2019"]
[Site "Polanica-Zdroj"]
[Date "2019.08.20"]
[Round "4.16"]
[White "Bartoszewicz, Marcin"]
[Black "Trusz, Julia"]
[Result "1-0"]
[ECO "B44"]
[WhiteElo "1950"]
[BlackElo "1583"]
[Annotator "NA"]
[PlyCount "77"]
[EventDate "2019.08.17"]
[EventType "swiss"]
[EventCountry "POL"]
[SourceTitle "playchess.com"]
[Source "ChessBase"]
[SourceQuality "1"]
[TimeControl "40/5400+30:1800+30"]

1. e4 c5 2. Nf3 e6 3. d4 cxd4 4. Nxd4 Nc6 5. Nb5 d6 6. Bf4 e5 7. Be3 a6 8. N5c3 Nf6 9. Bg5 Be7 10. Bxf6 Bxf6 11. Nd5 O-O 12. Nbc3 Be7 13. Nxe7+ Nxe7 14. Qd2 Qc7 15. g3 Be6 16. Bg2 Rad8 17. O-O f5 18. exf5 Bxf5 19. Nd5 Nxd5 20. Qxd5+ Rf7 21. Rac1 Kh8 22. c4 Qe7 23. Rfd1 Be6 24. Qd2 Bg4 25. Re1 Bf3 26. Rc3 Bxg2 27. Kxg2 Qf6 28. Rd3 Rdf8 29. Re2 Rd8 30. Qe3 h6 31. Red2 Rc7 32. b3 Kg8 33. Qb6 Rcd7 34. Rd5 Qf5 35. Qe3 g5 36. c5 dxc5 37. Rxe5 Qf8 38. Rxd7 Rxd7 39. Re8 1-0

[Event "55th Rubinstein Memorial-C 2019"]
[Site "Polanica-Zdroj"]
[Date "2019.08.20"]
[Round "4.17"]
[White "Tokmantsev, Ivan"]
[Black "Wilgosz, Jan"]
[Result "1-0"]
[ECO "C68"]
[WhiteElo "1918"]
[BlackElo "1569"]
[Annotator "NA"]
[PlyCount "57"]
[EventDate "2019.08.17"]
[EventType "swiss"]
[EventCountry "POL"]
[SourceTitle "playchess.com"]
[Source "ChessBase"]
[SourceQuality "1"]
[TimeControl "40/5400+30:1800+30"]

1. e4 e5 2. Nf3 Nc6 3. Bb5 a6 4. Bxc6 dxc6 5. h3 Bc5 6. d3 Qe7 7. Qe2 Nf6 8. O-O Bd7 9. Be3 Nh5 10. Nbd2 O-O-O 11. Nc4 f6 12. a3 Be8 13. b4 Bxe3 14. Qxe3 Kb8 15. Rfb1 Nf4 16. a4 g5 17. b5 cxb5 18. axb5 Bxb5 19. Na5 h5 20. Ne1 Qd7 21. c4 Bc6 22. Qc5 Kc8 23. Qa7 Qg7 24. Nxb7 Bxb7 25. Rxb7 g4 26. Qb8+ Kd7 27. Qxc7+ Ke6 28. Rb6+ Rd6 29. Rxd6# 1-0

[Event "55th Rubinstein Memorial-C 2019"]
[Site "Polanica-Zdroj"]
[Date "2019.08.20"]
[Round "4.18"]
[White "Mulawa, Cyprian"]
[Black "Binkowska, Agata"]
[Result "1/2-1/2"]
[ECO "B28"]
[WhiteElo "1578"]
[BlackElo "1896"]
[Annotator "NA"]
[PlyCount "61"]
[EventDate "2019.08.17"]
[EventType "swiss"]
[EventCountry "POL"]
[SourceTitle "playchess.com"]
[Source "ChessBase"]
[SourceQuality "1"]
[TimeControl "40/5400+30:1800+30"]

1. e4 c5 2. Nf3 a6 3. c4 Nc6 4. Nc3 e5 5. d3 g6 6. g3 Bg7 7. Bg2 d6 8. O-O Nge7 9. Nh4 h6 10. Be3 g5 11. Nf3 Bg4 12. Nd5 Nxd5 13. cxd5 Ne7 14. Qb3 Rb8 15. Nd2 Qd7 16. f3 Bh5 17. a4 f5 18. Bf2 Bf7 19. a5 h5 20. Qa4 Qxa4 21. Rxa4 O-O 22. Nc4 Be8 23. Raa1 Rf6 24. Be3 f4 25. Bd2 Nc8 26. Bh3 Na7 27. Be6+ Bf7 28. Bxf7+ Kxf7 29. b4 cxb4 30. Bxb4 Nb5 31. Rac1 1/2-1/2

[Event "55th Rubinstein Memorial-C 2019"]
[Site "Polanica-Zdroj"]
[Date "2019.08.20"]
[Round "4.19"]
[White "Simon, Marek"]
[Black "Jeske, Jerzy"]
[Result "1-0"]
[ECO "D06"]
[WhiteElo "1879"]
[BlackElo "1547"]
[Annotator "NA"]
[PlyCount "69"]
[EventDate "2019.08.17"]
[EventType "swiss"]
[EventCountry "POL"]
[SourceTitle "playchess.com"]
[Source "ChessBase"]
[SourceQuality "1"]
[TimeControl "40/5400+30:1800+30"]

1. d4 d5 2. c4 Nf6 3. cxd5 Nxd5 4. e4 Nf6 5. Nc3 g6 6. Be2 Bg7 7. Be3 O-O 8. h3 a6 9. a4 Nc6 10. Nf3 e6 11. O-O Ne7 12. Qc2 c6 13. Rfd1 Bd7 14. a5 Rc8 15. b4 Qc7 16. Na4 Rcd8 17. Rac1 Bc8 18. Ne5 Nd7 19. Nd3 Nf6 20. Bf4 Qd7 21. Ndc5 Qe8 22. Bc7 Kh8 23. Nc3 Nfg8 24. Bxd8 Qxd8 25. Bf3 Nf6 26. g4 Qc7 27. e5 Nfd5 28. Nxd5 Nxd5 29. Qd2 Qe7 30. Bxd5 exd5 31. Qe3 Qh4 32. Rc3 Bh6 33. Qg3 Qe7 34. f4 f6 35. exf6 1-0

[Event "55th Rubinstein Memorial-C 2019"]
[Site "Polanica-Zdroj"]
[Date "2019.08.20"]
[Round "4.20"]
[White "Kozlowski, Andrzej"]
[Black "Pyka, Roman"]
[Result "0-1"]
[ECO "A00"]
[WhiteElo "1566"]
[BlackElo "1860"]
[Annotator "NA"]
[PlyCount "72"]
[EventDate "2019.08.17"]
[EventType "swiss"]
[EventCountry "POL"]
[SourceTitle "playchess.com"]
[Source "ChessBase"]
[SourceQuality "1"]
[TimeControl "40/5400+30:1800+30"]

1. e3 c5 2. f4 a6 3. b3 g6 4. Bb2 Nf6 5. g4 Rg8 6. g5 Nh5 7. Be2 Ng7 8. Nf3 Nc6 9. Nc3 d5 10. d3 Nf5 11. Qd2 Bg7 12. e4 dxe4 13. dxe4 Qxd2+ 14. Kxd2 Nfd4 15. Nxd4 Bxd4 16. Na4 Bxb2 17. Nxb2 b6 18. c3 Bb7 19. Na4 O-O-O+ 20. Ke3 Kc7 21. Rad1 Rxd1 22. Rxd1 e6 23. h4 Re8 24. h5 e5 25. f5 gxf5 26. exf5 Ne7 27. Bg4 Rg8 28. g6 hxg6 29. fxg6 Nd5+ 30. Kf2 fxg6 31. c4 Nf6 32. Be6 Rg7 33. Rg1 Nxh5 34. Nc3 Nf4 35. Bf5 Rf7 36. Bg4 Nh3+ 0-1

[Event "55th Rubinstein Memorial-C 2019"]
[Site "Polanica-Zdroj"]
[Date "2019.08.20"]
[Round "4.21"]
[White "Halhoul, Adam"]
[Black "Koscielny, Edmond"]
[Result "0-1"]
[ECO "A41"]
[WhiteElo "1563"]
[BlackElo "1841"]
[Annotator "NA"]
[PlyCount "76"]
[EventDate "2019.08.17"]
[EventType "swiss"]
[EventCountry "POL"]
[SourceTitle "playchess.com"]
[Source "ChessBase"]
[SourceQuality "1"]
[TimeControl "40/5400+30:1800+30"]

1. d4 d6 2. c4 f5 3. Nc3 Nf6 4. Bg5 e6 5. e4 Be7 6. e5 dxe5 7. dxe5 Qxd1+ 8. Rxd1 Ng4 9. Bxe7 Kxe7 10. Nf3 Nd7 11. Nb5 c6 12. Nd6 Ndxe5 13. Nxe5 Nxe5 14. Be2 Rd8 15. c5 Nf7 16. Nxf7 Rxd1+ 17. Kxd1 Kxf7 18. f4 Bd7 19. Re1 Rd8 20. Kc2 Bc8 21. g3 Rd5 22. b4 Rd4 23. Kc3 Re4 24. Bh5+ Kf6 25. Rxe4 fxe4 26. Kd4 e3 27. Bg4 g5 28. Kxe3 gxf4+ 29. Kxf4 e5+ 30. Kf3 e4+ 31. Kf4 Bxg4 32. Kxg4 Ke5 33. Kh3 Kd4 34. a4 e3 35. Kg2 Kd3 36. b5 e2 37. bxc6 bxc6 38. Kf2 Kd2 0-1

[Event "55th Rubinstein Memorial-C 2019"]
[Site "Polanica-Zdroj"]
[Date "2019.08.20"]
[Round "4.22"]
[White "Mike, Patryk"]
[Black "Lewandowski, Witold"]
[Result "1-0"]
[ECO "B31"]
[WhiteElo "1840"]
[BlackElo "1542"]
[Annotator "NA"]
[PlyCount "45"]
[EventDate "2019.08.17"]
[EventType "swiss"]
[EventCountry "POL"]
[SourceTitle "playchess.com"]
[Source "ChessBase"]
[SourceQuality "1"]
[TimeControl "40/5400+30:1800+30"]

1. e4 c5 2. Nf3 Nc6 3. Bb5 g6 4. Bxc6 bxc6 5. O-O Bg7 6. e5 Nh6 7. d3 O-O 8. Nc3 d6 9. Bf4 f6 10. exd6 exd6 11. d4 cxd4 12. Nxd4 Nf5 13. Nxf5 Bxf5 14. Bxd6 Bxc2 15. Qxc2 Qxd6 16. Rac1 f5 17. Na4 Rfd8 18. Rfd1 Qe6 19. Re1 Qxa2 20. Qxc6 Qd5 21. Re8+ Kf7 22. Qxd5+ Rxd5 23. Rxa8 1-0

[Event "55th Rubinstein Memorial-C 2019"]
[Site "Polanica-Zdroj"]
[Date "2019.08.20"]
[Round "4.23"]
[White "Sypien, Natan"]
[Black "Kazmierowski, Tymon"]
[Result "1-0"]
[ECO "A45"]
[WhiteElo "1819"]
[BlackElo "1532"]
[Annotator "NA"]
[PlyCount "87"]
[EventDate "2019.08.17"]
[EventType "swiss"]
[EventCountry "POL"]
[SourceTitle "playchess.com"]
[Source "ChessBase"]
[SourceQuality "1"]
[TimeControl "40/5400+30:1800+30"]

1. d4 Nf6 2. Bg5 e6 3. e4 h6 4. Bxf6 Qxf6 5. Nc3 Bb4 6. Qd2 d5 7. a3 Bxc3 8. Qxc3 O-O 9. e5 Qe7 10. f4 b6 11. Nf3 c5 12. Qd2 Nd7 13. c3 Bb7 14. Bd3 Rac8 15. O-O f5 16. exf6 Qxf6 17. Ne5 Nxe5 18. fxe5 Qh4 19. Qe3 Qe7 20. Rf3 Rxf3 21. Qxf3 Rf8 22. Qg4 c4 23. Bg6 Bc6 24. Rf1 Be8 25. Rxf8+ Kxf8 26. Bc2 Qf7 27. Qf3 Qxf3 28. gxf3 g5 29. Kf2 Kg7 30. Kg3 Bg6 31. Ba4 Bf5 32. f4 Kf7 33. Bb5 Kg7 34. Ba4 Kf7 35. h4 gxf4+ 36. Kxf4 Kg7 37. Be8 Kf8 38. Bc6 Kg7 39. Bxd5 b5 40. Bc6 a6 41. d5 Kf7 42. d6 Bc2 43. Ke3 Bd1 44. Kd4 1-0